 Dungeon Crawl Stone Soup version 0.31-a0-435-g2c6fae2916 (webtiles) character file.

Game seed: 4640188714346962921

5 Ethylacetat the Insei (level 1, 0/11 HPs)
             Began as a Vine Stalker Monk on Aug 1, 2023.
             Constricted to death by a ball python (1 damage)
             ... on level 1 of the Dungeon.
             The game lasted 00:00:15 (114 turns).

Ethylacetat the Insei (Vine Stalker Monk)            Turns: 114, Time: 00:00:15

Health: 0/11       AC:  2    Str: 13    XL:     1   Next: 80%
Magic:  0/2        EV:  9    Int: 10    God:
Gold:   0          SH:  0    Dex: 16    Spells: 0/0 levels left

rFire   . . .        e - +1 dagger (venom)
rCold   . . .        c - orb {light}
rNeg    . . .        a - +0 robe
rPois   .            (no helmet)
rElec   .            (no cloak)
rCorr   .            (no gloves)
SInv    .            (no boots)
Will    .....        (no amulet)
Stlth   +            (no ring)
HPRegen 0.21/turn    (no ring)
MPRegen 0.08/turn

%: guardian spirit
@: lethally poisoned (0 -> 0), glowing, constricted
A: fangs 2, magic shield, antimagic bite, no potion heal 2
a: no special abilities


You were on level 1 of the Dungeon.
You visited 1 branch of the dungeon, and saw 1 of its levels.

Inventory:

Hand Weapons
 e - a +1 dagger of venom (weapon)
Armour
 a - a +0 robe (worn)
 c - an orb of light (worn)
Scrolls
 d - a scroll of vulnerability {unknown}
Potions
 b - a potion of ambrosia


   Skills:
 + Level 2.8 Fighting
 + Level 2.5 Dodging
 + Level 3.1 Unarmed Combat


You couldn't memorise any spells.
You didn't know any spells.
Your spell library was empty.

Dungeon Overview and Level Annotations

Branches:
Dungeon (1/15)

Altars:


Innate Abilities, Weirdness & Mutations

You have extremely sharp teeth.
When hurt, damage is shared between your health and your magic reserves.
Your bite disrupts and absorbs the magic of your enemies.
Potions cannot restore your health.


Message History

A kobold is nearby!
A kobold is nearby!
The kobold closely misses you.
A kobold is nearby!
You hit the kobold but do no damage.
A ball python comes into view.
A goblin comes into view. It is wielding a +0 dagger.
A kobold comes into view. It is wielding a +0 dagger.
The kobold hits you with a +1 dagger of venom.
You are poisoned.
You completely miss the kobold.
The ball python hisses angrily.
The kobold shouts!
The goblin shouts!
You bite the kobold, but do no damage.
You feel sick.
The kobold throws a stone.
The stone closely misses you.
A hobgoblin comes into view.
The kobold barely misses you.
The hobgoblin shouts!
You hit the kobold.
You kill the kobold!
You feel sick.
You feel sick.
Things that are here:
a +1 dagger of venom; a kobold corpse You are too injured to fight recklessly!
You are too injured to fight recklessly!
You are too injured to fight recklessly!
You are too injured to fight recklessly!
You are too injured to fight recklessly!
e - a +1 dagger of venom You feel sick.
Your +1 dagger of venom begins to drip with poison!
e - a +1 dagger of venom (weapon)
You feel sick. The ball python barely misses you.
The ball python closely misses you.
You barely miss the ball python. You bite the ball python. You drain its power.
The ball python is moderately wounded.
You feel sick. The ball python bites you.
* * * LOW HITPOINT WARNING * * *
The ball python grabs you. The ball python constricts you.
You die...

#.....## ####...##
#.#..# ##### ####.##.#
#...# ...#.
#.#######...###### .8.#.
#...#.....(.......
...#.##...'†..†?..#.#...
####..#...#......g......
#...)###.....@S#.#...
#....# #######.g.K...
#...†..# ###....
#......# ... #........
.. #.........
##.......... #.....##...
#...... ...


You could see a hobgoblin, a goblin, a ball python and a kobold.

Vanquished Creatures
  A goblin (D:1)
  2 hobgoblins (D:1)
  A kobold (D:1)
  A rat (D:1)
5 creatures vanquished.

Notes
Turn   | Place    | Note
-------+----------+-------------------------------------------
     0 | D:1      | Ethylacetat the Vine Stalker Monk began the quest for the
                  | Orb.
     0 | D:1      | Reached XP level 1. HP: 11/11 MP: 2/2
   114 | D:1      | Constricted to death by a ball python

Illustrated notes

Levels and vault maps discovered:
D:1:      minmay_arrival_stair_chambers, layout_basic, serial_glass,
          glass_columns_a, glass_columns_a, minmay_misc_feat_four_crosses

Action                     || total
---------------------------++-------
  Melee: Unarmed           ||    14
         Bite              ||     4
         Dagger            ||     1
  Dodge: Dodged            ||    10

Table legend: (Time is in decaauts)
 A = Elapsed time spent in this place.
 B = Non-inter-level travel time spent in this place.
 C = Inter-level travel time spent in this place.
 D = Time resting spent in this place.
 E = Time spent auto-exploring this place.
 F = Levels seen in this place.
 G = Mean time per level.
                   A        B        C        D        E       F      G
               +--------+--------+--------+--------+--------+-----+--------+
         Total |    112 |    112 |      0 |      0 |     81 |   1 |  112.0 |
       Dungeon |    112 |    112 |      0 |      0 |     81 |   1 |  112.0 |
               +--------+--------+--------+--------+--------+-----+--------+

Top non-repeatable levels by time:
     D:1: 112 daAuts
